 Dungeon Crawl Stone Soup version 0.23-a0-808-gd21de94 (webtiles) character file.

138 George the Slasher (level 5, 0/45 HPs)
             Began as a Minotaur Fighter on Jan 20, 2019.
             Slain by an iguana (6 damage)
             ... on level 4 of the Dungeon.
             The game lasted 00:03:18 (2022 turns).

George the Slasher (Minotaur Fighter)               Turns: 2022, Time: 00:03:18

Health: 0/45       AC:  6    Str: 26    XL:     5   Next: 1%
Magic:  4/4        EV:  7    Int:  5    God:
Gold:   153        SH: 10    Dex: 10    Spells: 4/4 levels left

rFire    . . .     SeeInvis .   a - +0 long sword
rCold    . . .     Gourm    .   c - +0 shield
rNeg     . . .     Faith    .   b - +0 scale mail
rPois    .         Spirit   .   (helmet restricted)
rElec    .         Reflect  .   (no cloak)
rCorr    .         Harm     .   (no gloves)
MR       .....     Rnd*Tele +   (no boots)
Stlth    ..........             (no amulet)
HPRegen  0.15/turn              u - ring of teleportation (curse)
MPRegen  0.09/turn              (no ring)

@: mighty
A: retaliatory headbutt, horns 2
a: no special abilities


You were on level 4 of the Dungeon.
You were hungry.

You visited 1 branch of the dungeon, and saw 4 of its levels.

You collected 153 gold pieces.

Inventory:

Hand Weapons
 a - a +0 long sword (weapon)
Armour
 b - a +0 scale mail (worn)
 c - a +0 shield (worn)
Jewellery
 u - a cursed ring of teleportation (left hand)
 v - an uncursed amulet of faith
Wands
 w - a wand of disintegration (13)
Scrolls
 e - a scroll of random uselessness {unknown}
 h - 3 scrolls of blinking {unknown}
 i - a scroll of fear {unknown}
 k - a scroll of immolation {unknown}
 n - 2 scrolls of remove curse {unknown}
 o - a scroll of amnesia {unknown}
 p - a scroll of teleportation {unknown}
 q - a scroll of identify {unknown}
 r - a scroll of enchant weapon {unknown}
 s - a scroll of enchant armour {unknown}
 x - a scroll of magic mapping {unknown}
 y - a scroll of noise {unknown}
Potions
 g - a potion of flight {unknown}
 j - a potion of degeneration {unknown}
 l - a potion of haste {unknown}
 m - 2 potions of curing
 t - 2 potions of invisibility {unknown}
Comestibles
 f - 4 rations


   Skills:
 - Level 3.6 Fighting
 + Level 6.3 Long Blades
 - Level 3.6 Armour
 - Level 3.6 Shields


You had 4 spell levels left.
You didn't know any spells.
Your spell library was empty.

Dungeon Overview and Level Annotations

Branches:
Dungeon (4/15)
 Temple: D:4-7

Altars:
Nemelex Xobeh
Uskayaw
Xom
Zin

Annotations:
D:4 Robin


Innate Abilities, Weirdness & Mutations

You reflexively headbutt those who attack you in melee.
You have a pair of horns on your head.


Message History

* * * LOW HITPOINT WARNING * * *
A centaur skeleton comes into view.
You feel very mighty all of a sudden. You block the adder's attack.
The iguana bites you.
* * * LOW HITPOINT WARNING * * *
The adder bites you but does no damage.
You completely miss the adder. You headbutt the adder.
The adder is severely wounded.
You feel sick. The iguana bites you.
* * * LOW HITPOINT WARNING * * *
You block the adder's attack.
It was a potion of curing.
You feel better. The adder bites you but does no damage.
The iguana bites you but does no damage.
Okay, then.
You closely miss the adder.
The adder is severely wounded.
The adder bites you but does no damage. You block the iguana's attack.
The adder bites you but does no damage. The iguana bites you.
You die... ## .. #. . .. ... .# .....######.# ....ZZS@lgJg#

.....####ggg#####
.......##.#g....##
# . #..Jg#......#..
.#.#...##.........
.........J.........
[##...#.#gg........
#.#...#..........
...###............


You could see an iguana, an ooze, an adder, a hobgoblin, 5 goblins, a quokka
skeleton and a centaur skeleton.

Vanquished Creatures
  2 adders (D:2)
  3 gnolls (D:2)
  3 worms
  3 dart slugs
  3 leopard geckos
  2 orcs
  8 bats
  A giant cockroach (D:3)
  7 goblins
  7 hobgoblins
  11 jackals
  2 quokkas
  A ball python (D:3)
  5 frilled lizards
  5 kobolds
  8 rats
71 creatures vanquished.

Notes
Turn   | Place    | Note
-------+----------+-------------------------------------------
     0 | D:1      | George the Minotaur Fighter began the quest for the Orb.
     0 | D:1      | Reached XP level 1. HP: 19/19 MP: 0/0
   121 | D:1      | Reached skill level 3 in Long Blades
   149 | D:1      | Reached XP level 2. HP: 21/26 MP: 1/1
   371 | D:1      | Reached skill level 4 in Long Blades
   444 | D:2      | Found a glowing silver altar of Zin.
   444 | D:2      | Found a shimmering altar of Xom.
   452 | D:2      | Noticed an angel
   495 | D:2      | Reached XP level 3. HP: 31/31 MP: 2/2
   880 | D:2      | Reached skill level 5 in Long Blades
   912 | D:2      | Reached XP level 4. HP: 34/39 MP: 3/3
  1527 | D:3      | Reached skill level 6 in Long Blades
  1540 | D:3      | Found a hide-covered altar of Uskayaw.
  1540 | D:3      | Found a sparkling altar of Nemelex Xobeh.
  1989 | D:4      | Noticed Robin
  2015 | D:4      | Reached XP level 5. HP: 21/45 MP: 4/4
  2020 | D:4      | HP: 1/45 [iguana (5)]
  2022 | D:4      | Slain by an iguana

Vault maps used:
D:1:      psy_arrival_whirlpool
D:2:      grunt_temple_overflow_order_and_chaos_1
D:3:      gammafunk_temple_overflow_statue, minivault_11
D:4:      lemuel_doored_altar, first_ration, minivault_19, st_stairs_10,
          uniq_robin

Skill      XL: |  1  2  3  4 |
---------------+-------------+-----
Long Blades    | 3 4 5 6 |  6.3
Fighting       | |  3.6
Armour         | |  3.6
Shields        | |  3.6

Action                   |  1- 3 |  4- 6 || total
-------------------------+-------+-------++-------
Melee: Long sword        |    67 |    72 ||   139
       Headbutt          |    10 |    18 ||    28
  Use: Potion            |       |     2 ||     2
  Eat: Chunk             |       |     3 ||     3
Armor: Scale mail        |    20 |    34 ||    54
Dodge: Dodged            |    21 |    32 ||    53
Block: Shield            |    31 |    40 ||    71
       Rpst.: Long sword |     4 |     8 ||    12

Table legend:
 A = Non-vault XP
 B = Vault XP
 C = Vault XP percentage of total XP
 D = Non-vault monster count
 E = Vault monster count
 F = Vault count percentage of total count
                 A         B        C        D         E       F
            +---------+---------+-------+---------+---------+-------
      Total |     194 |       4 |   2.0 |      69 |       2 |   2.8
            +---------+---------+-------+---------+---------+-------
        D:1 |      29 |       0 |   0.0 |      18 |       0 |   0.0
        D:2 |     114 |       0 |   0.0 |      26 |       0 |   0.0
        D:3 |      48 |       0 |   0.0 |      24 |       0 |   0.0
        D:4 |       3 |       4 |  57.1 |       1 |       2 |  66.7
            +---------+---------+-------+---------+---------+-------
